 Dungeon Crawl Stone Soup version 0.21-a0-591-g2314aa1 (webtiles) character file.

4 M4edhros the Charlatan (level 1, 0/13 HPs)
             Began as an Octopode Artificer on Dec 22, 2017.
             Slain by Terence
             ... wielding a +0 flail
              (10 damage)
             ... on level 2 of the Dungeon.
             The game lasted 00:00:31 (103 turns).

M4edhros the Charlatan (Octopode Artificer)          Turns: 103, Time: 00:00:32

Health: 0/13       AC:  1    Str: 11    XL:     1   Next: 60%
Magic:  3/3        EV: 13    Int: 13    God:
Gold:   35         SH:  0    Dex: 12    Spells: 0/0 levels left

rFire    . . .     SeeInvis .   a - +0 short sword
rCold    . . .     Gourm    .   (no shield)
rNeg     . . .     Faith    .   (helmet restricted)
rPois    .         Spirit   .   (no amulet)
rElec    .         Reflect  .   (no ring)
rCorr    .         Harm     .   (no ring)
MR       .....                  (no ring)
Stlth    +++.......             (no ring)
HPRegen  0.04/turn              (no ring)
MPRegen  0.08/turn              (no ring)
                                (no ring)
                                (no ring)

@: no status effects
A: almost no armour, stealthy swim, amphibious, 8 rings, constrict 8, camouflage
1, gelatinous body 1
a: no special abilities


You were on level 2 of the Dungeon.
You were not hungry.

You visited 1 branch of the dungeon, and saw 2 of its levels.

You collected 35 gold pieces.

Inventory:

Hand Weapons
 a - a +0 short sword (weapon)
Wands
 b - a wand of flame (15)
 c - a wand of enslavement (15)
 d - a wand of random effects (13)
Scrolls
 e - a scroll of remove curse {unknown}
Comestibles
 f - a ration


   Skills:
 - Level 1.0 Fighting
 - Level 1.0 Short Blades
 + Level 2.1 Dodging
 + Level 1.7 Stealth
 + Level 3.4 Evocations


You couldn't memorise any spells.
You didn't know any spells.

Dungeon Overview and Level Annotations

Branches:
Dungeon (2/15)

Altars:

Annotations:
D:2 Terence


Innate Abilities, Weirdness & Mutations

You cannot wear most types of armour.
You are very stealthy in the water. (Stealth+)
You are amphibious.
You can wear up to eight rings at the same time.
You can use your tentacles to constrict eight enemies at once.
Your skin changes colour to match your surroundings (Stealth+).
Your rubbery body absorbs attacks. (AC +1, EV +1)


Message History

The goblin shouts!
The goblin barely misses you. The goblin barely misses you.
You see here a scroll labeled OLOEVVANUE.
Evoke which item? (* to show all) (? for menu, Esc to quit)
Aiming: Random Effects
Press: ? - help, Shift-Dir - straight line, f - goblin
Aim: a goblin Terence struggles to resist.
The goblin misses you.
There are monsters nearby!
Evoke which item? (* to show all) (? for menu, Esc to quit)
Aiming: Random Effects
Press: ? - help, Shift-Dir - straight line, f - Terence
Aim: Terence, wielding a flail and wearing a scale mail The bolt of negative energy hits Terence.
Terence is drained!
Terence is heavily wounded.
Terence hits you with a flail!
Ouch! That really hurt!
You die...

.# ## ####.# ..
#....##. #......
#.....# #.....#
#.....#
#####..@@.#####
.......sg....(.
#####.....######
........<.......
#######.........
#!........
#.........
#.........
#.........


You could see Terence, a giant cockroach and a goblin.

Vanquished Creatures
  A goblin (D:1)
  A hobgoblin (D:1)
  A frilled lizard (D:1)
  A kobold (D:1)
4 creatures vanquished.

Notes
Turn   | Place    | Note
-------+----------+-------------------------------------------
     0 | D:1      | M4edhros the Octopode Artificer began the quest for the Orb.
     0 | D:1      | Reached XP level 1. HP: 13/13 MP: 3/3
    99 | D:2      | Noticed Terence
   103 | D:2      | Slain by Terence

Vault maps used:
D:1:      tarquinn_simple_flora_water_c
D:2:      nicolae_overflow_crystal_walls, first_ration, minmay_cupped,
          uniq_terence

Action                   || total
-------------------------++-------
Melee: Short sword       ||    12
       Constrict         ||     2
       Tentacles         ||     1
Evoke: Wand              ||     2
 Stab: Sleeping          ||     1
Dodge: Dodged            ||    10

Table legend:
 A = Spawn XP
 B = Non-spawn XP
 C = Spawn XP percentage of total XP
 D = Spawn monster count
 E = Non-spawn monster count
 F = Spawn count percentage of total count
 G = Total turns spent on level
                    A         B        C        D         E        F      G
               +---------+---------+-------+---------+---------+-------+---------
         Total |       0 |       6 |   0.0 |       0 |       4 |   0.0 |   103
               +---------+---------+-------+---------+---------+-------+---------
           D:1 |       0 |       6 |   0.0 |       0 |       4 |   0.0 |    98
               +---------+---------+-------+---------+---------+-------+---------
